 Dungeon Crawl Stone Soup version 0.30.1-11-g7821555f0a (webtiles) character file.

Game seed: 6413966252538623756

65 fireball365 the Trooper (level 4, -4/40 HPs)
             Began as a Hill Orc Fighter on Dec 14, 2023.
             Killed by divine providence
             ... invoked by an orc priest
              (14 damage)
             ... on level 3 of the Dungeon.
             The game lasted 00:02:54 (1704 turns).

fireball365 the Trooper (Hill Orc Fighter)          Turns: 1704, Time: 00:02:54

Health: -4/40      AC:  7    Str: 20    XL:     4   Next: 13%
Magic:  4/4        EV:  9    Int:  8    God:
Gold:   17         SH:  4    Dex: 10    Spells: 3/3 levels left

rFire   . . .        a - +0 war axe
rCold   . . .        c - +0 buckler
rNeg    . . .        b - +0 scale mail
rPois   .            (no helmet)
rElec   .            (no cloak)
rCorr   .            (no gloves)
SInv    .            (no boots)
Will    .....        (no amulet) Stlth
                     (no ring)
HPRegen 0.26/turn    (no ring)
MPRegen 0.09/turn

%: no passive effects
@: no status effects
A: no striking features
a: Convert to Beogh


You were on level 3 of the Dungeon.
You visited 1 branch of the dungeon, and saw 3 of its levels.

You collected 87 gold pieces.
You spent 70 gold pieces at shops.

Inventory:

Hand Weapons
 a - a +0 war axe (weapon)
Armour
 b - a +0 scale mail (worn)
 c - a +0 buckler (worn)
Scrolls
 e - a scroll of amnesia {unknown}
 f - 2 scrolls of identify {unknown}
 h - 2 scrolls of teleportation {unknown}
 l - a scroll of immolation {unknown}
 m - a scroll of magic mapping {unknown}
 n - 3 scrolls of enchant armour {unknown}
Potions
 d - a potion of might
 g - a potion of cancellation {unknown}
 i - 2 potions of curing {unknown}
 j - 2 potions of heal wounds
 k - a potion of berserk rage {unknown}
 o - 2 potions of degeneration {unknown}


   Skills:
 + Level 4.1 Fighting
 + Level 3.9 Axes
 + Level 4.1 Armour
 + Level 0.1 Dodging
 + Level 3.5 Shields


You had 3 spell levels left.
You didn't know any spells.
Your spell library contained the following spells:

 Spells                   Type           Power      Damage    Failure   Level
 Apportation              Tloc           0%         N/A       83%         1
 Ensorcelled Hibernation  Hex/Ice        0%         N/A       92%         2
 Spider Form              Tmut/Pois      0%         N/A       99%         3
 Anguish                  Hex/Necr       0%         N/A       100%        4
 Alistair's Intoxication  Tmut/Pois      0%         N/A       100%        5


Dungeon Overview and Level Annotations

Branches:
Dungeon (3/15)

Altars:

Shops:
D:2 *


Message History

Your Armour skill increases to level 4!
You closely miss the adder. You closely miss the goblin.
The orc priest invokes the aid of Beogh against you.
Beogh smites you!
Ouch! That really hurt!
The adder bites you but does no damage. The goblin closely misses you.
You miss the adder. You completely miss the goblin.
The adder bites you but does no damage. You block the goblin's attack.
The adder bites you but does no damage.
The orc priest shouts, "Beogh is our master!
Accept the truth or die!"
The orc priest hits you but does no damage.
The goblin hits you with a +0 club.
You closely miss the adder. You closely miss the orc priest.
You barely miss the goblin. You block the adder's attack.
The orc priest looks braver for a moment.
The goblin barely misses you. You block the adder's attack.
You slash the adder!
The adder is severely wounded.
You hit the orc priest. You closely miss the goblin. The adder bites you.
* * * LOW HITPOINT WARNING * * *
The orc priest hits you but does no damage.
The goblin hits you but does no damage. The adder barely misses you.
You slash the adder!
You kill the adder!
You barely miss the orc priest. You completely miss the goblin.
The orc priest hits you but does no damage.
You block the goblin's attack.
The orc priest hits you with a +0 dagger.
* * * LOW HITPOINT WARNING * * *
The goblin hits you but does no damage.
You have reached level 4!
You slash the orc priest!
The orc priest is heavily wounded.
The orc priest threatens, "By the altar or by the axe, you will meet Beogh!"
You slash the goblin!
You kill the goblin!
The orc priest shouts, "Join the one true god or die!"
The orc priest calls down the wrath of Beogh upon you.
Beogh smites you!
You die...

##......
......
#.....
#....
.... ..#
#†#######
#@).....#
#o)####.#
#....
#..#.#
.......
.....##.
#.### #
#.#


You could see an orc priest.

Vanquished Creatures
  2 adders
  2 worms (D:2)
  A dart slug (D:2)
  4 orcs (D:3)
  4 ball pythons
  6 bats
  4 endoplasms
  3 giant cockroaches (D:1)
  2 goblins
  A hobgoblin (D:2)
  2 kobolds (D:1)
  A frilled lizard (D:1)
  2 rats
34 creatures vanquished.

Notes
Turn   | Place    | Note
-------+----------+-------------------------------------------
     0 | D:1      | fireball365 the Hill Orc Fighter began the quest for the
                  | Orb.
     0 | D:1      | Reached XP level 1. HP: 19/19 MP: 1/1
   221 | D:1      | Reached XP level 2. HP: 23/27 MP: 2/2
  1002 | D:2      | Reached XP level 3. HP: 25/33 MP: 3/3
  1067 | D:2      | Identified the +3 sling "Nenov" {antimagic, Contam rCorr
                  | Int+2}
  1209 | D:2      | Found Joug's General Store.
  1223 | D:2      | Bought a potion of heal wounds for 70 gold pieces
  1704 | D:3      | Reached XP level 4. HP: 9/40 MP: 4/4
  1704 | D:3      | Killed from afar by an orc priest

Illustrated notes

Levels and vault maps discovered:
D:1:      psy_arrival_terrarium, layout_basic, minmay_misc_feat_room
D:2:      layout_rooms, serial_shops, shop, minmay_circled_x
D:3:      layout_loops_cross, serial_park_tiny_pond,
          hangedman_decor_clover_reticule

Skill      XL: |  1  2  3 |
---------------+----------+-----
Axes           | 3 |  3.9
Fighting       | 4 |  4.1
Armour         | 4 |  4.1
Dodging        | |  0.1
Shields        | |  3.5

Action                     |  1- 3 |  4- 6 || total
---------------------------+-------+-------++-------
  Melee: War axe           |    93 |     1 ||    94
 Armour: Scale mail        |    87 |       ||    87
  Dodge: Dodged            |    93 |       ||    93
  Block: Buckler           |    30 |       ||    30
